Cogmind - Beta 13 @@@ ROGUE MODE // 2024.04.14 @ 18:48:36 Player: TheBermanGrit Result: Self-destructed Performance ------------- Evolutions (2) 1000 Regions Visited (5) 1000 Robots Destroyed (14) 70 Value Destroyed (479) 479 Prototype IDs (25) 500 Alien Tech Used (0) 0 Bonus (300) 300 TOTAL SCORE: 3349 Bonus ------- Aligned with FarCom 300 Cogmind --------- Core Integrity 413/550 Matter 88/300 Energy 280/280 System Corruption 0% Temperature Cool (0) Movement Treading (240) Ox1 Location -8/Materials Parts ------- > --- POWER (2) -------- Cooled Ion Engine > --- PROPULSION (3) --- Light Treads > --- UTILITY (4) ------ Medium Storage Unit Improved Terrain Scanner Terrain Scan Processor > --- WEAPON (2) ------- High-powered Shotgun > --- INVENTORY (10) --- Ion Engine Improved VTOL Module Improved VTOL Module Huge Storage Unit Advanced Targeting Computer Medium Armor Plating Hardened Medium Armor Plating PSU Rigger EMP Blaster Grenade Launcher Peak State ------------ > --- POWER ------------ Ion Engine Light Nuclear Core > --- PROPULSION ------- Light Treads Light Treads Light Treads > --- UTILITY ---------- Medium Storage Unit Improved Terrain Scanner Medium Armor Plating PSU Rigger > --- WEAPON ----------- High-powered Shotgun High-powered Shotgun > --- INVENTORY -------- Improved VTOL Module Improved VTOL Module Improved Heat Sink Cooling System Huge Storage Unit Seismic Detector Medium Armor Plating Assault Rifle EMP Blaster Grenade Launcher [Rating: 29] Favorites ----------- Power Ion Engine Engine Ion Engine Power Core Light Nuclear Core Propulsion Light Treads Treads Light Treads Flight Unit Improved VTOL Module Utility Medium Storage Unit Device Improved Terrain Scanner Storage Medium Storage Unit Processor Terrain Scan Processor Protection Medium Armor Plating Weapon Assault Rifle Ballistic Gun Assault Rifle Launcher Grenade Launcher Build | -11 -10 -10 -10 -9 -8 ------- Run | Yrd Mat Min Exi Min Mat Slots Evolved 4 | . . . . . 4 Power 1 | . . . . . 1 Propulsion 1 | . . . . . 1 Utility 2 | . . . . . 2 Weapon . | . . . . . . Parts Attached 25 | 6 3 2 1 3 10 Power 4 | 1 . . 1 . 2 Engine 3 | 1 . . . . 2 Core 1 | . . . 1 . . Reactor . | . . . . . . Propulsion 6 | 2 . . . 1 3 Treads 5 | 2 . . . 1 2 Leg . | . . . . . . Wheel . | . . . . . . Hover . | . . . . . . Flight 1 | . . . . . 1 Utility 10 | 1 3 1 . 2 3 Device 4 | . . 1 . 1 2 Storage 3 | 1 2 . . . . Processor 1 | . . . . . 1 Hackware . | . . . . . . Protection 2 | . 1 . . 1 . Artifact . | . . . . . . Weapon 5 | 2 . 1 . . 2 Energy Gun . | . . . . . . Energy Cannon . | . . . . . . Ballistic Gun 4 | 2 . . . . 2 Ballistic Cannon . | . . . . . . Launcher 1 | . . 1 . . . Special Weapon . | . . . . . . Impact Weapon . | . . . . . . Slashing Weapon . | . . . . . . Piercing Weapon . | . . . . . . Special Melee Weapon . | . . . . . . Unidentified Prototypes 2 | . . . . . 2 Parts Lost 5 | . . . . . 5 Power 1 | . . . . . 1 Propulsion 2 | . . . . . 2 Utility 1 | . . . . . 1 Weapon 1 | . . . . . 1 Highest Loss Streak 5 | . . . . . 5 To Critical Strikes . | . . . . . . Average Slot Usage (%) 99 | . 99 100 100 100 96 Engine 12 | . 14 14 13 . 9 Core 2 | . . . . 14 8 Treads 27 | . 28 28 28 28 25 Device 8 | . . 1 14 6 12 Storage 12 | . 14 14 14 14 9 Processor 1 | . . . . . 5 Protection 7 | . 13 12 . 7 8 Ballistic Gun 19 | . 28 25 14 14 17 Launcher 5 | . . 2 14 14 . Naked Turns . | . . . . . . Heaviest Build 95 | 13 95 27 21 27 37 Greatest Support 60 | 40 40 40 40 40 60 Greatest Overweight (x) 2 | . 2 . . . 1 Average Overweight (x) . | . . . . . . Largest Inventory Capacity 25 | 8 25 10 10 10 10 Average Capacity 11 | 7 15 10 10 10 10 Most Carried 10 | 2 10 10 10 10 10 Average Carried 9 | 1 8 9 9 10 9 Final Capacity 10 | 8 10 10 10 10 10 Final Carried 10 | 2 10 10 10 10 10 Class Distribution -------------------- 73% | Mutant 22% | Scavenger-Skirmisher 3% | Skirmisher Dominant Class ---------------- Mutant | -10/Materials Mutant | -10/Mines Mutant | -10/Exiles Mutant | -9/Mines Scavenger-Skirmisher | -8/Materials Resources | -11 -10 -10 -10 -9 -8 ----------- Run | Yrd Mat Min Exi Min Mat Matter Collected 569 | 166 196 122 . 56 29 Remotely . | . . . . . . Salvage Created 577 | . 283 182 . . 112 Parts 28 | . 17 10 . . 1 Haulers Intercepted 2 | . 2 . . . . Recyclers Shooed . | . . . . . . Parts Field Recycled . | . . . . . . Retrieved Matter . | . . . . . . Parts Self-Destructed . | . . . . . . Prevented . | . . . . . . Kills | -11 -10 -10 -10 -9 -8 ------- Run | Yrd Mat Min Exi Min Mat Combat Hostiles Destroyed 11 | . 4 4 . . 3 Guns 11 | . 4 4 . . 3 Classes Destroyed 3 | . 2 1 . . . Tunneler 1 | . . 1 . . . Hauler 2 | . 2 . . . . Grunt 11 | . 4 4 . . 3 Best Kill Streak 4 | . 4 2 . . 3 Combat Bots Only 4 | . 4 2 . . 3 Max Kills in Single Turn 1 | . 1 1 . . 1 Gunslinging . | . . . . . . Exploded . | . . . . . . Melee . | . . . . . . Uniques/NPCs Destroyed . | . . . . . . Combat | -11 -10 -10 -10 -9 -8 -------- Run | Yrd Mat Min Exi Min Mat Hostile Shots Fired 116 | . 23 27 . . 66 Missed 28 | . 7 7 . . 14 Damage Taken 1328 | . 201 266 . . 861 Core 178 | . 24 17 . . 137 Absorbed by Shields . | . . . . . . Core Remaining (%) 91 | 100 . . . 83 . Volleys Fired 73 | . 30 19 . . 24 Largest 2 | . 2 2 . . 2 Hottest 50 | . 40 50 . . 50 Shots Fired 137 | . 60 38 . . 39 Gun 136 | . 60 37 . . 39 Cannon . | . . . . . . Launcher 1 | . . 1 . . . Special . | . . . . . . Kinetic 136 | . 60 37 . . 39 Thermal . | . . . . . . Explosive 1 | . . 1 . . . Electromagnetic . | . . . . . . Robot Hit Streak 12 | . 12 11 . . 5 Robot Miss Streak 5 | . 3 2 . . 5 Penetration Max . | . . . . . . Secondary Targets 2 | . 1 . . . 1 Max Gunslinging Chain 1 | . 1 . . . 1 Shots Hit Robots 103 | . 48 28 . . 27 Core Hits 37 | . 16 11 . . 10 Critical Kills 1 | . . . . . 1 Critical Parts Destroyed . | . . . . . . Critical Strikes 1 | . . . . . 1 Destroy 1 | . . . . . 1 Melee Attacks . | . . . . . . Impact . | . . . . . . Slashing . | . . . . . . Piercing . | . . . . . . Sneak Attacks . | . . . . . . Combat Hostiles . | . . . . . . Follow-up Attacks . | . . . . . . Damage Inflicted 1357 | . 526 337 . . 494 Guns 1310 | . 525 291 . . 494 Cannons . | . . . . . . Explosions 39 | . . 39 . . . Melee . | . . . . . . Ramming 8 | . 1 7 . . . Kinetic 1310 | . 525 291 . . 494 Thermal . | . . . . . . Explosive 39 | . . 39 . . . Electromagnetic . | . . . . . . Impact . | . . . . . . Slashing . | . . . . . . Piercing . | . . . . . . Highest Corruption . | . . . . . . Average Corruption . | . . . . . . Corruption Purged . | . . . . . . Corruption Blocked . | . . . . . . Overload Shots . | . . . . . . Overflow Damage . | . . . . . . Projectiles . | . . . . . . Explosions . | . . . . . . Melee . | . . . . . . Knockbacks . | . . . . . . Impact . | . . . . . . Kinetic . | . . . . . . Secondary . | . . . . . . Self-Inflicted Damage . | . . . . . . Shots . | . . . . . . Rammed 2 | . 1 1 . . . Targets Rammed 2 | . 1 1 . . . Kicked . | . . . . . . Crushed . | . . . . . . Highest Temperature 169 | . 31 62 . . 169 Average Temperature 38 | . 11 20 . . 95 Received Heat Transfer 795 | . 114 195 . . 486 Siege Activations . | . . . . . . Robots Corrupted . | . . . . . . Combat Hostiles . | . . . . . . Parts Fried . | . . . . . . Impact Corruptions . | . . . . . . Robots Melted . | . . . . . . Combat Hostiles . | . . . . . . Parts Melted . | . . . . . . Heat Transferred . | . . . . . . Parts Sabotaged . | . . . . . . Parts Stolen . | . . . . . . Parts Stripped . | . . . . . . Power Chain Reactions . | . . . . . . Alert | -11 -10 -10 -10 -9 -8 ------- Run | Yrd Mat Min Exi Min Mat Peak Influence 137 | . 137 105 . . 76 Initial 5 | . . 5 . . . Average 39 | . 69 54 . . 11 Maximum Alert Level . | . . . . . . Low Security (%) 100 | 100 100 100 . 100 100 Level 1 . | . . . . . . Level 2 . | . . . . . . Level 3 . | . . . . . . Level 4 . | . . . . . . Level 5 . | . . . . . . High Security . | . . . . . . Max Security . | . . . . . . Squads Dispatched . | . . . . . . Investigation . | . . . . . . Extermination . | . . . . . . Reinforcement . | . . . . . . Assault . | . . . . . . Garrison . | . . . . . . Intercept . | . . . . . . Searches Triggered . | . . . . . . Construction Impeded . | . . . . . . Haulers Reinforced . | . . . . . . Active Scanning Responses . | . . . . . . Cargo Convoy Interrupts . | . . . . . . Stealth | -11 -10 -10 -10 -9 -8 --------- Run | Yrd Mat Min Exi Min Mat Distress Signals . | . . . . . . Communications Jammed . | . . . . . . Distress Signals . | . . . . . . Times Spotted 19 | . 7 4 . . 8 Peak Tracking Total 5 | . 3 2 . . 5 Tactical Retreats . | . . . . . . Traps | -11 -10 -10 -10 -9 -8 ------- Run | Yrd Mat Min Exi Min Mat Traps Triggered . | . . . . . . Indirectly . | . . . . . . Trap Hack Attempts . | . . . . . . Triggered . | . . . . . . Disarmed . | . . . . . . Reprogrammed . | . . . . . . Reused . | . . . . . . Traps Extracted . | . . . . . . Installed . | . . . . . . Triggered . | . . . . . . Machines | -11 -10 -10 -10 -9 -8 ---------- Run | Yrd Mat Min Exi Min Mat Machines Disabled . | . . . . . . Max in Single Turn . | . . . . . . Machines Repaired . | . . . . . . Machines Dismantled . | . . . . . . Machines Sabotaged . | . . . . . . Overloaded Fab Kills . | . . . . . . Hacking | -11 -10 -10 -10 -9 -8 --------- Run | Yrd Mat Min Exi Min Mat Machines Accessed 9 | . 2 . 5 . 2 Terminals 4 | . 2 . . . 2 Fabricators . | . . . . . . Repair Stations . | . . . . . . Recycling Units . | . . . . . . Scanalyzers . | . . . . . . Garrison Access . | . . . . . . Total Hacks 59 | . 4 . 50 . 5 Successful 55 | . 2 . 50 . 3 Failed 4 | . 2 . . . 2 Catastrophic . | . . . . . . Database Lockouts . | . . . . . . Manual 3 | . . . 3 . . Terminals 9 | . 4 . . . 5 Fabricators . | . . . . . . Repair Stations . | . . . . . . Recycling Units . | . . . . . . Scanalyzers . | . . . . . . Garrison Access . | . . . . . . Terminal Hacks 55 | . 2 . 50 . 3 Record 51 | . . . 49 . 2 Robot Analysis 1 | . 1 . . . . Locate Traps 1 | . . . . . 1 Patrol Status 1 | . 1 . . . . Derelict Proto ID Bank 1 | . . . 1 . . Fabricator Hacks . | . . . . . . Repair Station Hacks . | . . . . . . Recycling Unit Hacks . | . . . . . . Scanalyzer . | . . . . . . Garrison Access Hacks . | . . . . . . Unauthorized Hacks . | . . . . . . Terminals . | . . . . . . Fabricators . | . . . . . . Repair Stations . | . . . . . . Recycling Units . | . . . . . . Scanalyzers . | . . . . . . Garrison Access . | . . . . . . Data Cores Recovered . | . . . . . . Used . | . . . . . . Hacking Detections 3 | . 2 . . . 1 Full Trace Events . | . . . . . . Feedback Events . | . . . . . . Feedback Blocked . | . . . . . . Robot Schematics Acquired . | . . . . . . Robots Built . | . . . . . . Authchips . | . . . . . . Time . | . . . . . . Total Robot Build Rating . | . . . . . . Part Schematics Acquired . | . . . . . . Parts Built . | . . . . . . Authchips . | . . . . . . Time . | . . . . . . Total Part Build Rating . | . . . . . . Parts Repaired . | . . . . . . Time . | . . . . . . Parts Recycled . | . . . . . . Recycled Matter . | . . . . . . Retrieved Matter . | . . . . . . Retrieved Components . | . . . . . . Parts Scanalyzed . | . . . . . . Part Schematics Acquired . | . . . . . . Parts Damaged . | . . . . . . Bothacking | -11 -10 -10 -10 -9 -8 ------------ Run | Yrd Mat Min Exi Min Mat Used RIF Installer . | . . . . . . Robots Hacked . | . . . . . . Non-combat . | . . . . . . Combat . | . . . . . . Robot Hacks Applied . | . . . . . . Relay Couplers Released . | . . . . . . Fabnet Peak Effective % . | . . . . . . Robots Rewired . | . . . . . . Allies Hacked . | . . . . . . Hacks Repelled . | . . . . . . Allies | -11 -10 -10 -10 -9 -8 -------- Run | Yrd Mat Min Exi Min Mat Total Allies . | . . . . . . Largest Group . | . . . . . . Highest-Rated Group . | . . . . . . Highest-Rated Ally . | . . . . . . Total Orders . | . . . . . . Ally Attacks . | . . . . . . Total Damage . | . . . . . . Kills . | . . . . . . Allies Corrupted . | . . . . . . Allies Melted . | . . . . . . Intel | -11 -10 -10 -10 -9 -8 ------- Run | Yrd Mat Min Exi Min Mat Robot Analysis Total 1 | . 1 . . . . Derelict Logs Recovered . | . . . . . . Drone Launches . | . . . . . . Drone Recoveries . | . . . . . . Exploration | -11 -10 -10 -10 -9 -8 ------------- Run | Yrd Mat Min Exi Min Mat Turns Passed 2785 | 64 506 598 839 87 691 Spaces Moved 1432 | 36 182 331 523 52 308 Core 3 | 3 . . . . . Treads 1429 | 33 182 331 523 52 308 Legs . | . . . . . . Wheels . | . . . . . . Hover . | . . . . . . Flight . | . . . . . . Fastest Speed 50 | 50 160 160 160 160 160 Average Speed 172 | 150 217 160 160 160 185 Slowest Speed 320 | 160 320 160 160 160 240 Overloaded Moves . | . . . . . . Propulsion Burnouts . | . . . . . . Robots Hopped . | . . . . . . Cave-ins Triggered . | . . . . . . Exploration Rate (%) 39 | 3 33 63 91 20 26 Regions Visited 5 Branch Regions 3 Pre-discovered Areas 1 | . . . 1 . . Known Exits Taken . | . . . . . . Unknown Exits Taken 5 | 1 1 1 1 1 . Scrap Searched . | . . . . . . Spaces Dug . | . . . . . . Terrain Destroyed 5 | . . 5 . . . Melee . | . . . . . . Projectile . | . . . . . . AOE 5 | . . 5 . . . Terrain Rammed . | . . . . . . Walls Destroyed . | . . . . . . Machines Disabled . | . . . . . . Actions | -11 -10 -10 -10 -9 -8 --------- Run | Yrd Mat Min Exi Min Mat Total 1615 | 43 240 364 525 54 389 Wait 51 | . 8 10 . . 33 Move 1427 | 35 181 330 522 51 308 Hop . | . . . . . . Pick Up 22 | 2 12 1 1 . 6 Fast Attach 10 | 6 1 . . . 3 Attach 4 | . . . . . 4 Detach 2 | . . . . . 2 Swap 11 | . 2 2 1 3 3 Drop 13 | . 5 1 1 . 6 Fire 73 | . 30 19 . . 24 Melee . | . . . . . . Ram . | . . . . . . Kick . | . . . . . . Crush 2 | . 1 1 . . . Escape Stasis . | . . . . . . Rewire . | . . . . . . Trap . | . . . . . . Miscellaneous . | . . . . . . Route ------- -11/Scrapyard -10/Materials -10/Mines (discovered 2 exits: [*Mat] / *Exi) -10/Exiles (discovered 2 exits: [*Min x2]) -9/Mines -8/Materials History --------- Turn | Location | Event 14 | -11/Scrapyard | Discovered new exit (range 16) 65 | -11/Scrapyard | Entered Materials 268 | -10/Materials | Discovered new exit (range 12) 315 | -10/Materials | Build established: Mutant 571 | -10/Materials | Entered Mines 737 | -10/Mines | Discovered new exit (range 8) 1158 | -10/Mines | Deemed a non-threat by the Exiles lab entrance 1159 | -10/Mines | Discovered new exit (range 5) 1169 | -10/Mines | Entered Exiles 1197 | -10/Exiles | Discovered new exit (range 15) 1224 | -10/Exiles | Met 8R-AWN 1255 | -10/Exiles | Met EX-HEX 1301 | -10/Exiles | Met EX-BIN 1325 | -10/Exiles | Aligned with FarCom system 1327 | -10/Exiles | Given EX-Vault access code 1485 | -10/Exiles | Opened EX-Vault 1496 | -10/Exiles | Found PSU Rigger 1534 | -10/Exiles | Warned to stay clear of 0b10 Research branches 1579 | -10/Exiles | Met EX-DEC 1589 | -10/Exiles | Learned location of Zion (-7) 1671 | -10/Exiles | Visited The Gauntlet 1923 | -10/Exiles | Discovered new exit (range 14) 2008 | -10/Exiles | Left Exiles lab with PSU Rigger 2008 | -10/Exiles | Entered Mines 2080 | -9/Mines | Discovered new exit (range 7) 2095 | -9/Mines | Entered Materials 2095 | -8/Materials | Evolved 4 slots: Power x1, Propulsion x1, Utility x2 2382 | -8/Materials | Build established: Scavenger-Skirmisher 2786 | -8/Materials | Self-destructed Last Messages --------------- Lgt. Treads destroyed. K-01 Serf collects debris. K-01 Serf cleans the Recycling Unit. Critical hit (Burn: +37). Lgt. Nuclear Core destroyed. K-01 Serf cleans the Recycling Unit. Med. Armor Plating destroyed. G-47 Trooper suffers critical hit (Destroy). G-47 Trooper destroyed. Switching to secondary target: G-50 Soldier. K-01 Serf collects debris. Hpw. Shotgun destroyed. G-50 Soldier destroyed. K-01 Serf collects debris. R-06 Scavenger collects Particle Gun. K-01 Serf collects debris. G-47 Trooper destroyed. K-01 Serf collects debris. Acquired 29 matter. K-01 Serf collects debris. Map ----- +----------------------------------------------------+ | # # ###???#??##? ???????????????????????????? | | ######## #?##??##????????????????????????????????? | | ###?#### ###########?????????????????????????????? | | #??#?### ## """"" #??????????????????????????????? | | #???#?## ## """"" ###????????????????????????????? | | ####### # """"" ####? #???????????????????????? | | ! + #??? ????????????????????????? | | ## # #### ##??#???????????????????? | | ###+###########?# #???#???????????????????? | | # #####??## #?????#?????????????????? | | + """"" ####??#?# #?#???? ????????????????? | | ## # """"" ####?##?# #?#?#???????????????????? | | # # """"" ##?###?## ##?#??# ?#?????????????? | | # # #??###### #####?# ? #?#???????????? | | # ###############?# #?#?### #?#???????????? | | # ###?##??######### ####### ##?#??????????? | | # ########## # ####??????????? | | # ########## # ? ?????????? | | # #??####### w ? ????????? | | ## ##?####### # ?? ????????? | | ## ########## # ?? ???????? | | + + ?? ???????? | | #######################/##### ? ?? ??????? | | ######?############ m #? ?? ??? ?????????? | | #####?###### """ # ? ?? ???? ??????? | | ? """ #?####?##### "Y"w%@% # ? ? ?? ???????? | | """ ####?#?##### " " k #? ? ? ???? ?????? | | """ ####?####### " # ? ? ? ????????????? | | ##?#######?# """ # ????###???#??????? | | """ ####?####?## """ ## ? ??#? ?? ??????? | | """ ##########?# ## ?##???? ? ??????? | | """ #??######?############# ? ##?????????????? | | ? ########?#####??#?###?# ????## ? ???????? | | ##??#??############?##?##?###? ????#??"????????? | | ###?###?#####?##???#########?# ????#???????????? | | #??#########?#?#??### ? ???? ????#?????????????? | | #?#?#?#?#?##??#??#?## """????#? ????## ?????????? | | ##?####???#?#???#?### ?""? ??? ? ?###???????????? | | #?####?#?#??#????#?#????? ? ?# ???#?????????????? | | ####???##???????????? ? ? ??? ??##????????????? | | #?###?#?#??#????????# w ? #? ???????????????? | | ##?###?#?????????????? ? ? ? ? ? ????????????????? | | ##?####??#???#???????????????????????????????????? | | ?#??#?????#??????????????????????????????????????? | | #?###??#??#??????????????????????????????????????? | | #?###????????????????????????????????????????????? | | ##?#???#?????????????????????????????????????????? | | #?##?#?#?????????????????????????????????????????? | | ?#?##????????????????????????????????????????????? | | ??#?????##???????????????????????????????????????? | +----------------------------------------------------+ Best States ------------- Heat Dissipation 31 Energy Generation 23 Energy Capacity 340 Matter Stores 300 Matter Capacity 300 Sight Range 16 Terrain Scan Range 16 Terrain Scan Density 85 Armor Coverage 225 Evasion (%) 40 Recoil Reduction 3 Item Schematics ----------------- None Robot Schematics ------------------ None Fabricated ------------ Nothing Alien Tech Used ----------------- None Achievements -------------- Librarian Challenges ------------ None Game ------ Seed ServoTachyonBiocell Manual? 0 Play Time 00:36:16 Cumulative 9.9 hours Start 2024.04.13 @ 17:18:52 End 2024.04.14 @ 18:48:36 Sessions 3 Manual Loads 0 Difficulty Rogue Special Mode None Game No. 17 Rogue 17 Adventurer 0 Explorer 0 Win Type - Total 0 Types 0/0/0/0/0/0/0/0/0 Lore% 13 Gallery% 13 Achievement% 11 Wizard Run 0 Options --------- Layout 1 ASCII 0 Keyboard 0 Movement Arrows Keybinds 0 Fullscreen 1 Font 24/Smallcaps Map View 50x35 Zoom Use 0% Tactical HUD 0 Map Filters NONE Filters NONE Steam 1 RUN: 2b749a53-11b3-4d6b-9a8b-bba7d99f0ae3